 Dungeon Crawl Stone Soup version 0.31.0-10-gcf4a605ca0 (webtiles) character file.

Game seed: 2764840541076729362

1286 Flugkiller the Ruffian (level 7, -1/65 HPs)
             Began as a Troll Enchanter on Jan 25, 2024.
             Was a Follower of Ru.
             Killed from afar by a steam dragon (16 damage)
             ... with a ball of steam
             ... on level 5 of the Dungeon.
             The game lasted 00:05:07 (4995 turns).

Flugkiller the Ruffian (Troll Enchanter)            Turns: 4995, Time: 00:05:07

Health: -1/65      AC:  4    Str: 25    XL:     7   Next: 30%
Magic:  9/9        EV: 10    Int: 11    God:    Ru [*.....]
Gold:   162        SH:  5    Dex: 10    Spells: 5/10 levels left

rFire   . .          .
                       - Unarmed
rCold   . . .        (no shield)
rNeg    . . .        b - +0 robe
rPois   .            (helmet restricted)
rElec   .            (no cloak)
rCorr   .            (gloves unavailable)
SInv    +            (boots unavailable)
Will    .....        d - amulet of reflection
Stlth   ++           e - +6 ring of strength
HPRegen 1.10/turn    i - ring of see invisible
MPRegen 0.11/turn

%: reflection
@: no status effects
A: large, unfitting armour, claws 3, regeneration 1, shaggy fur 1, tough skin 1,
inexperienced 1
a: Renounce Religion


You were on level 5 of the Dungeon.
You worshipped Ru.
Ru was aware of your devotion.
You visited 1 branch of the dungeon, and saw 5 of its levels.
You also visited: Sewer and Ossuary.

You collected 162 gold pieces.

Inventory:

Missiles
 c - 3 boomerangs (quivered)
 g - 21 poisoned darts
Armour
 b - a +0 robe (worn)
Jewellery
 a - a ring of flight
   (You found it on level 1 of the Dungeon)
 d - an amulet of reflection (around neck)
   (You found it on level 2 of the Dungeon)
 e - a +6 ring of strength (left claw)
   (You found it on level 3 of the Dungeon)
 f - a ring of magical power
   (You found it on level 3 of the Dungeon)
 h - a +6 ring of intelligence
   (You found it on level 3 of the Dungeon)
 i - a ring of see invisible (right claw)
   (You found it on level 1 of the Dungeon)
Talismans
 j - a serpent talisman
   (You found it on level 4 of the Dungeon)


   Skills:
 + Level 2.2 Fighting
 - Level 2.5 Short Blades
 - Level 3.0 Dodging
 - Level 2.5 Stealth
 * Level 4.1 Unarmed Combat
 - Level 2.2 Spellcasting
 - Level 3.0 Hexes
 * Level 3.7 Shapeshifting


You had 5 spell levels left.
You knew the following spells:

 Your Spells              Type           Power      Damage    Failure   Level
a - Ensorcelled Hibernat  Hex/Ice        8%         N/A       24%         2
b - Confusing Touch       Hex            7%         N/A       26%         3

Your spell library contained the following spells:

 Spells                   Type           Power      Damage    Failure   Level
 Jinxbite                 Hex            14%        N/A       13%         2
 Tukima's Dance           Hex            7%         N/A       26%         3
 Dazzling Flash           Conj/Hex       8%         N/A       43%         3
 Yara's Violent Unravell  Hex/Alch       2%         3d3       99%         5
 Enfeeble                 Hex            3%         N/A       100%        7


Dungeon Overview and Level Annotations

Branches:
Dungeon (5/15) Zot: 26114   Sewer (visited)         Ossuary (visited)
 Temple: D:4-7

Altars:
Ru

Shops:
D:5 :

Annotations:
D:5 Eustachio


Innate Abilities, Weirdness & Mutations

You are too large for most types of armour.
You have claws for hands.
Your natural rate of healing is unusually fast.
You are covered in fur. (AC +1)
You have tough skin. (AC +1)
You are somewhat inexperienced. (-1 XL)


Message History

You feel sick. You block the scorpion's attack.
You closely miss the scorpion.
The scorpion is almost dead.
You feel sick. The scorpion stings you.
You are too injured to fight recklessly!
You feel sick.
The steam dragon begins to attack, but is stunned by your conviction!
You feel sick. The scorpion barely misses you.
You feel sick.
You scratch the scorpion.
The scorpion is almost dead.
You feel sick. The scorpion closely misses you.
Okay, then.
You aren't carrying any scrolls.
Unknown command.
You feel sick. The scorpion attacks as it pursues you!
The scorpion closely misses you.
You feel sick.
You are no longer poisoned.
The scorpion attacks as it pursues you! The scorpion stings you.
You block the scorpion's attack. The scorpion attacks as it pursues you!
The scorpion stings you but does no damage.
The scorpion attacks as it pursues you! The scorpion stings you.
The scorpion attacks as it pursues you!
The scorpion stings you but does no damage.
The scorpion barely misses you. The steam dragon breathes steam at you.
The ball of steam hits you!!
You are engulfed in a cloud of scalding steam.
* * * LOW HITPOINT WARNING * * *
There is a stone staircase leading up here.
The scorpion is engulfed in a cloud of scalding steam.
The scorpion dies!
You climb upwards.
There is a stone staircase leading down here.
You start resting.
HP restored.
There is a stone staircase leading down here.
You climb downwards.
Level annotation: Eustachio
There is a stone staircase leading up here.
The steam dragon breathes steam at you. The ball of steam misses you.
You closely miss the steam dragon. You claw the steam dragon.
The steam dragon is lightly wounded.
You are engulfed in a cloud of scalding steam.
The steam dragon bites you. You block the steam dragon's attack.
You closely miss the steam dragon.
The steam dragon is lightly wounded.
You are engulfed in a cloud of scalding steam.
You scratch the steam dragon.
The steam dragon is moderately wounded.
You are engulfed in a cloud of scalding steam.
You block the steam dragon's attack.
The steam dragon claws you but does no damage.
You claw the steam dragon!
The steam dragon is heavily wounded.
You are engulfed in a cloud of scalding steam.
The steam dragon bites you. The steam dragon claws you.
The steam dragon barely misses you. x2
You barely miss the steam dragon.
The steam dragon is heavily wounded.
The steam dragon bites you but does no damage.
The steam dragon claws you but does no damage.
You scratch the steam dragon but do no damage.
The steam dragon is heavily wounded.
The steam dragon barely misses you.
The steam dragon claws you but does no damage.
You completely miss the steam dragon.
The steam dragon is heavily wounded.
You block the steam dragon's attack. The steam dragon barely misses you.
You barely miss the steam dragon.
The steam dragon is heavily wounded.
The steam dragon bites you. The steam dragon claws you.
You barely miss the steam dragon.
The steam dragon is heavily wounded.
The steam dragon breathes steam at you. The ball of steam hits you!
You scratch the steam dragon.
The steam dragon is severely wounded.
You are engulfed in a cloud of scalding steam.
The steam dragon closely misses you. The steam dragon claws you.
The steam dragon bites you. The steam dragon claws you.
* * * LOW HITPOINT WARNING * * *
You scratch the steam dragon.
The steam dragon is severely wounded.
The steam dragon misses you. You block the steam dragon's attack.
You barely miss the steam dragon.
You claw the steam dragon, but do no damage.
The steam dragon is severely wounded.
The steam dragon bites you.
* * * LOW HITPOINT WARNING * * *
The steam dragon claws you.
* * * LOW HITPOINT WARNING * * *
You barely miss the steam dragon.
The steam dragon is severely wounded.
The steam dragon breathes steam at you. The ball of steam hits you!
You die...

...# #######.## ##...# #### #.#
#...# # #.# #...# ## # #.# #...#
#. # ###.##### ###...######.
###########.<.....# #............
##.......##.#.###.###..##..##..##
#.....#.##.#.##......####....###
#...#.......<.D@.....## ##..## #
#8.8#.#.##.#.†§.......## #..# ##
#...#.#.##...#####.....###..###.
#8.8#...###...####...#........).
#...######.....∩##D..#..........
#8.8# ##...####.#...###..###.
##...# #..#####....## #..# ##
.#♣.8# #....D.....## ##..## #
##...##.####...##.....####....###


You could see a steam dragon (catching breath).

Vanquished Creatures
  Grinder (D:5)
  Menkaure (D:5)
  A kobold brigand (Sewer)
  2 elf zombies (Ossuary)
  A hound (D:5)
  4 centaur zombies (Ossuary)
  A jelly (D:4)
  2 orc priests
  4 orc wizards
  A sleepcap (D:5)
  3 hound zombies (Ossuary)
  2 mummies (Ossuary)
  6 adders
  6 river rats (Sewer)
  A white imp (D:5)
  2 adder zombies (Ossuary)
  A ribbon worm (D:2)
  A dart slug (D:4)
  13 orcs
  18 ball pythons
  9 endoplasms
  4 giant cockroaches
  8 goblins
  4 hobgoblins
  7 jackals
  30 kobolds
  6 quokkas
  4 bats
  3 frilled lizards
  5 gnoll zombies (Ossuary)
  11 jackal zombies (Ossuary)
  4 kobold zombies (Ossuary)
  6 orc zombies (Ossuary)
  25 rats
197 creatures vanquished.

Vanquished Creatures (others)
  A scorpion (D:5)
1 creature vanquished.

Grand Total: 198 creatures vanquished

Notes
Turn   | Place    | Note
-------+----------+-------------------------------------------
     0 | D:1      | Flugkiller the Troll Enchanter began the quest for the Orb.
     0 | D:1      | Reached XP level 1. HP: 16/16 MP: 1/1
   137 | D:1      | Reached skill level 1 in Short Blades
   143 | D:1      | Reached XP level 2. HP: 24/24 MP: 3/3
   946 | D:2      | Reached XP level 3. HP: 20/31 MP: 4/4
  2013 | D:3      | Reached XP level 4. HP: 20/39 MP: 5/5
  2293 | D:3      | Found a glowing drain.
  2307 | Sewer    | Entered a sewer
  2407 | Sewer    | Reached XP level 5. HP: 33/45 MP: 6/6
  2632 | Sewer    | Reached XP level 6. HP: 51/53 MP: 8/8
  3289 | D:4      | Found a sacrificial altar of Ru.
  3298 | D:4      | Became a worshipper of Ru the Awakened
  3864 | D:5      | Entered Level 5 of the Dungeon
  3866 | D:5      | Found Usched's Tiny Tomes.
  3874 | D:5      | Learned a level 2 spell: Ensorcelled Hibernation
  3878 | D:5      | Learned a level 3 spell: Confusing Touch
  3896 | D:5      | Noticed Menkaure
  3901 | D:5      | Reached XP level 7. HP: 55/59 MP: 9/9
  3914 | D:5      | Killed Menkaure
  3915 | D:5      | Reached skill level 1 in Unarmed Combat
  3915 | D:5      | Reached skill level 1 in Shapeshifting
  3970 | D:5      | Found a sand-covered staircase.
  4006 | Ossuary  | Entered an ossuary
  4050 | Ossuary  | Reached skill level 1 in Fighting
  4050 | Ossuary  | Reached skill level 2 in Unarmed Combat
  4102 | Ossuary  | Gained mutation: You are somewhat inexperienced. (-1 XL)
                  | [Ru sacrifice]
  4102 | Ossuary  | Reached XP level 6. HP: 55/55 MP: 8/8
  4102 | Ossuary  | Reached * piety under Ru
  4175 | Ossuary  | Reached skill level 3 in Unarmed Combat
  4189 | Ossuary  | Reached XP level 7. HP: 43/63 MP: 9/9
  4560 | D:5      | Noticed Eustachio
  4858 | D:5      | Noticed Grinder
  4865 | D:5      | Paralysed by Grinder for 5 turns
  4872 | D:5      | Killed Grinder
  4873 | D:5      | Reached skill level 4 in Unarmed Combat
  4995 | D:5      | Killed from afar by a steam dragon

Illustrated notes

Levels and vault maps discovered:
D:1:      amcnicky_arrival_wind_blow, layout_basic, st_stairs_7
D:2:      layout_basic, chequers_serial_rivers_micro_e
D:3:      layout_basic, portal_sewer_entry_d
D:4:      layout_rooms, nicolae_ru_great_annihilating_truth
D:5:      layout_loops_cross, serial_shops, shop,
          nicolae_ossuary_entry_false_entrances, ebering_ghost_inner_flame,
          minivault_5, palyth_stone_intersect, chequers_avenue, st_stairs_12,
          grunt_ministairs_11, minmay_misc_feat_nine_boxes,
          nicolae_shop_i_like_small_books_too, uniq_grinder, uniq_menkaure,
          uniq_eustachio

Skill      XL: |  1  2  3  4  5  6  7 |
---------------+----------------------+-----
Short Blades   | 1 2 |  2.5
Dodging        | 2 3 |  3.0
Stealth        | 2 |  2.5
Spellcasting   | 2 |  2.2
Hexes          | 3 |  3.0
Unarmed Combat | 3 4 |  4.1
Shapeshifting  | 3 2 |  3.7
Fighting       | 2 |  2.2

Action                     |  1- 3 |  4- 6 |  7- 9 || total
---------------------------+-------+-------+-------++-------
  Melee: Unarmed           |   144 |   412 |   130 ||   686
         Punch             |       |     1 |     7 ||     8
 Invoke: Sacrifice Experie |       |     1 |       ||     1
   Stab: Sleeping          |     2 |     1 |     1 ||     4
         Paralysed         |       |     2 |       ||     2
         Invisible         |       |     1 |       ||     1
 Armour: Robe              |    95 |   330 |   100 ||   525
  Dodge: Dodged            |    78 |   255 |    46 ||   379
  Block: Other             |    10 |    94 |    36 ||   140
         Reflection        |       |     1 |       ||     1
